AoeStats
← Hacıİlbey

African Clearing

506186829Analyzed
2v2 RM · 19d ago on Sep 12, 2026· 25m 34s· 4 players
Game mode
Random Map
Map size
Medium (4 player)
Population
200
Speed
Normal
Resources
Standard
Victory
Conquest
Starting age
Dark Age
Ending age
Imperial Age
RankedLock teamsTeams togetherTeam positionsShared explorationLock speedFull tech treeHidden civsTurbo modeCheats
Victory
Defeat
🇹🇷 Burgundians · Türkiye
1095
+16
🇵🇪 Vietnamese · Peru
1092
+16
🇹🇷 Magyars · Türkiye
1094
-16
🇹🇷 Burgundians · Türkiye
1092
-16
Andy
10:12 Loom
12:51 Feudal Age
14:56 Wheelbarrow
15:31 Double-Bit Axe
16:10 Fletching
20:47 Padded Archer Armor
22:33 Town Watch
26:07 Castle Age
1453sultan
4:27 Loom
10:26 Wheelbarrow
12:58 Feudal Age
13:07 Double-Bit Axe
13:05 Horse Collar
18:31 Castle Age
16:39 Scale Barding Armor
20:06 Chain Barding Armor
20:58 Husbandry
24:02 Forging
avare
9:50 Loom
13:02 Feudal Age
22:52 Horse Collar
25:46 Double-Bit Axe
Hacıİlbey
13:20 Loom
15:33 Feudal Age
21:38 Castle Age
19:49 Double-Bit Axe
20:44 Horse Collar
22:14 Scale Barding Armor
22:20 Forging
Connection lost

Rejoining the realm…

Still unreachable

The connection could not be restored.

Session expired

The server has moved on; the page needs a fresh start.